Map: Romanticide LE

Players

Ziggy

  • Race: Terran Terran
  • Spawn Location: 5:00

BlyOnFire (Bly) - Winner!

  • Race: Zerg Zerg
  • Spawn Location: 11:00

Event: DreamHack SC2 Masters 2020 Winter

VOD

Have the link to the VOD?

Description

Time

  • Played on: Oct. 29, 2020, 11:32 a.m.
  • Length: 12:40

All games in this series

Show
View Real Time Build Order
Export as new Build Order

Ziggy Terran 

Build Orders: Mech 

Get SALT Encoding   

  12  0:00  SCV  
  13  0:12  SCV  
  14  0:18  Supply Depot  
  14  0:24  SCV  
  15  0:39  SCV  
  15  0:42  Barracks  
  16  0:44  Refinery  
  16  0:52  SCV  
  17  0:59  Barracks  
  17  1:04  SCV  
  18  1:16  SCV  
  19  1:29  Orbital Command, Reaper  
  20  1:35  Barracks  
  20  1:41  Refinery  
  20  1:46  Reaper  
  21  1:51  Supply Depot  
  21  1:55  SCV  
  22  2:03  Reaper  
  23  2:13  SCV  
  24  2:18  Reaper  
  25  2:23  Reaper  
  26  2:35  Reaper  
  27  2:41  Command Center  
  27  2:50  Supply Depot, Reaper  
  28  2:55  Reaper  
  28  2:57  SCV  
  30  3:08  Reaper  
  30  3:11  SCV  
  32  3:22  Reaper  
  32  3:23  SCV  
  34  3:27  Reaper  
  35  3:35  SCV  
  35  3:40  Reaper  
  37  3:47  SCV  
  32  3:54  Orbital Command  
  33  3:56  Marine, Refinery  
  33  3:58  Factory  
  33  4:00  SCV  
  33  4:02  Marine  
  34  4:10  Factory  
  34  4:12  SCV  
  36  4:17  Refinery  
  36  4:21  SCV  
  36  4:22  Marine x2  
  36  4:24  SCV  
  39  4:33  SCV  
  39  4:36  SCV  
  39  4:37  Factory  
  41  4:43  Factory Tech Lab  
  41  4:45  SCV  
  42  4:48  SCV  
  43  4:55  Factory Reactor  
  43  4:57  SCV  
  44  5:00  SCV  
  44  5:02  Supply Depot  
  44  5:03  Cyclone, Mag-Field Accelerator  
  48  5:09  Factory, SCV  
  48  5:12  SCV  
  48  5:14  Supply Depot  
  50  5:15  Supply Depot  
  50  5:21  SCV  
  50  5:24  SCV  
  50  5:25  Factory Tech Lab  
  52  5:33  SCV, Hellion x2  
  57  5:36  SCV  
  59  5:42  Cyclone  
  59  5:45  SCV  
  59  5:47  Cyclone  
  59  5:48  SCV  
  59  5:49  Infernal Pre-Igniter  
  64  5:54  Factory Tech Lab  
  64  5:57  Factory, SCV  
  64  5:59  Hellion  
  64  6:00  Hellion  
  69  6:13  Supply Depot  
  69  6:14  Supply Depot  
  69  6:15  Cyclone  
  69  6:17  Cyclone  
  75  6:21  Cyclone  
  78  6:29  Supply Depot  
  78  6:34  Hellion  
  78  6:37  Hellion  
  80  6:44  Factory Tech Lab  
  83  6:47  Cyclone  
  83  6:48  Supply Depot  
  83  6:49  Cyclone  
  86  6:55  Cyclone  
  86  6:56  Hellion  
  86  6:58  Hellion  
  93  7:13  Cyclone  
  96  7:17  Hellion  
  96  7:19  Hellion  
  95  7:30  Factory  
  95  7:32  Factory, Cyclone  
  98  7:39  Hellion  
  98  7:41  Hellion  
  100  7:44  Cyclone  
  103  7:56  Siege Tank  
  106  8:00  Hellion  
  104  8:07  Hellion  
  104  8:08  Siege Tank x2  
  106  8:17  Factory Tech Lab, Factory Reactor  
  106  8:21  Hellion  
  108  8:27  Supply Depot  
  108  8:28  Supply Depot, Hellion  
  110  8:40  Siege Tank  
  109  8:42  Siege Tank  
  109  8:43  Hellion  
  109  8:50  Hellion  
  111  8:55  Siege Tank  
  111  8:56  Supply Depot x2  
  111  8:58  Hellion  
  111  8:59  Siege Tank  
  119  9:05  Hellion  
  121  9:10  Hellion x2  
  121  9:14  Siege Tank  
  121  9:15  Supply Depot  
  121  9:16  SCV  
  125  9:18  Supply Depot  
  125  9:22  Siege Tank  
  128  9:26  Hellion  
  130  9:35  Siege Tank  
  119  9:51  Siege Tank  
  99  9:56  Hellion x2  
  99  9:57  Hellion x2  
  99  9:58  Siege Tank  
  104  10:01  SCV  
  105  10:08  Siege Tank  
  107  10:17  Hellion x2  
  105  10:30  Command Center  
  105  10:32  SCV x2  
  97  10:44  Siege Tank, SCV x2  
  98  10:56  SCV  
  98  10:57  SCV  
  100  11:03  Siege Tank  
  103  11:09  SCV x2  
  105  11:15  Cyclone  
  108  11:25  Refinery  
  108  11:30  Cyclone x2  
  112  11:36  SCV x2  
  112  11:38  Siege Tank  
  117  11:47  Orbital Command  
  115  11:54  SCV x2  
  104  12:06  SCV x2  
  85  12:18  SCV  
  85  12:19  SCV  
  85  12:22  SCV  
Show
View Real Time Build Order
Export as new Build Order

BlyOnFire Zerg - Winner!

Build Orders: Hatch First 

Get SALT Encoding   

  12  0:00  Drone  
  13  0:12  Overlord  
  13  0:16  Drone  
  14  0:30  Drone  
  14  0:31  Drone  
  16  0:48  Hatchery  
  15  0:51  Drone  
  15  0:55  Drone  
  17  0:58  Drone  
  18  1:09  Extractor  
  17  1:13  Spawning Pool  
  17  1:16  Drone  
  17  1:20  Drone  
  18  1:28  Drone  
  19  1:39  Drone  
  20  1:49  Overlord  
  20  2:00  Queen x2  
  24  2:02  Zergling x4  
  26  2:10  Drone  
  26  2:12  Drone, Metabolic Boost  
  28  2:21  Zergling x2  
  28  2:22  Zergling x2  
  30  2:36  Queen x2  
  34  2:43  Overlord  
  33  2:44  Zergling x2  
  33  2:45  Overlord  
  34  2:51  Overlord  
  34  2:57  Drone  
  35  3:03  Spore Crawler  
  32  3:17  Zergling x14  
  39  3:28  Queen  
  41  3:38  Drone x2  
  41  3:39  Drone x2  
  44  3:50  Drone x5  
  49  4:07  Hatchery  
  48  4:15  Drone x5  
  53  4:25  Drone x4  
  53  4:28  Drone  
  53  4:30  Evolution Chamber  
  57  4:34  Drone x2  
  59  4:43  Overlord x2  
  59  4:46  Evolution Chamber  
  58  5:01  Drone x7  
  58  5:02  Drone x2  
  58  5:03  Zerg Ground Armor Level 1  
  67  5:08  Pneumatized Carapace  
  67  5:12  Overlord  
  67  5:15  Drone x3  
  70  5:24  Queen  
  70  5:25  Extractor  
  71  5:33  Drone  
  71  5:34  Drone x6  
  76  5:47  Extractor  
  76  5:49  Lair  
  75  5:50  Drone x6  
  81  6:00  Spore Crawler x2, Extractor x2  
  81  6:03  Spore Crawler  
  77  6:06  Overlord x2  
  77  6:09  Zerg Melee Weapons Level 1  
  77  6:11  Roach Warren  
  76  6:14  Overlord x2  
  76  6:15  Drone x2  
  78  6:25  Hatchery  
  76  6:36  Zergling x24  
  84  6:40  Spine Crawler  
  83  6:49  Extractor, Zergling x8  
  83  6:50  Zergling x4  
  88  6:57  Glial Reconstitution  
  88  6:58  Roach x4  
  96  7:03  Overlord  
  96  7:04  Hatchery, Overlord  
  96  7:05  Overlord  
  96  7:07  Overlord  
  95  7:09  Overlord  
  95  7:11  Drone, Overlord  
  95  7:13  Overlord  
  90  7:22  Roach x4  
  92  7:34  Zergling x14  
  94  7:48  Roach x5  
  94  7:49  Zerg Missile Weapons Level 1  
  103  7:52  Ravager x4  
  103  7:53  Ravager x4  
  103  7:56  Overlord  
  108  7:59  Overlord  
  96  8:06  Roach x4  
  99  8:13  Roach x6  
  110  8:23  Roach x3  
  118  8:31  Roach x2  
  117  8:45  Roach x4  
  117  8:50  Drone  
  117  8:52  Infestation Pit  
  117  9:01  Roach x5  
  125  9:19  Drone x2  
  125  9:21  Roach x4  
  135  9:29  Drone x5  
  140  9:32  Pathogen Glands  
  140  9:34  Hatchery  
  140  9:35  Tunneling Claws, Ravager  
  140  9:36  Burrow, Hatchery  
  117  9:47  Roach x5  
  112  9:58  Roach x4  
  112  10:06  Roach x5  
  122  10:08  Ravager x6  
  122  10:13  Roach x2  
  134  10:14  Roach  
  134  10:21  Roach  
  136  10:29  Roach x2  
  140  10:38  Drone, Roach x3  
  140  10:40  Infestor x2  
  140  10:42  Ravager x2  
  147  10:50  Swarm Host  
  147  10:51  Zergling x10  
  147  10:57  Spine Crawler  
  152  10:59  Infestor  
  152  11:01  Zergling x12  
  160  11:04  Baneling Nest  
  160  11:06  Zergling x4  
  161  11:14  Roach x6  
  173  11:32  Roach x3, Overlord x2  
  166  11:33  Roach x3, Swarm Host  
  175  11:43  Roach x2  
  175  11:44  Overlord x2  
  175  11:50  Roach  
  175  11:52  Roach  
  175  11:53  Roach  
  175  11:55  Roach x8  
  189  12:01  Roach  
  181  12:19  Zergling x28, Roach  
Tags
 
Add a new tag
Caveats
  • Supply blocks, unpowered buildings, or Contaminate may cause inaccurate times.
  • Supply counts are checked every 10 seconds.